 Dungeon Crawl Stone Soup version 0.29.1-13-g9f3cf754e1 (webtiles) character file.

Game seed: 1893752050288778687

49 Vulpanium the Slasher (level 3, -1/28 HPs)
             Began as a Draconian Wanderer on Jan 22, 2023.
             Was an Initiate of Yredelemnul.
             Succumbed to Crazy Yiuf's poison
             ... on level 2 of the Dungeon.
             The game lasted 00:05:46 (2425 turns).

Vulpanium the Slasher (Draconian Wanderer)          Turns: 2425, Time: 00:05:47

Health: -1/28      AC:  6    Str: 15    XL:     3   Next: 53%
Magic:  3/4        EV: 12    Int: 12    God:    Yredelemnul [......]
Gold:   81         SH:  0    Dex: 11    Spells: 3/4 levels left

rFire   . . .      SeeInvis .   a - +0 long sword
rCold   . . .      Faith    .   (no shield)
rNeg    . . .      Spirit   .   (body armour unavailable)
rPois   .          Reflect  .   (helmet restricted)
rElec   .          Harm     .   (no cloak)
rCorr   .          Rampage  .   (no gloves)
Will    .....                   b - +0 pair of boots
Stlth   ++........              (no amulet)
HPRegen 0.09/turn               (no ring)
MPRegen 0.09/turn               (no ring)

@: lethally poisoned (-1 -> -13)
A: AC +5, unfitting armour, cold-blooded
a: Renounce Religion, Recall Undead Harvest


You were on level 2 of the Dungeon.
You worshipped Yredelemnul.
Yredelemnul was noncommittal.
You visited 1 branch of the dungeon, and saw 2 of its levels.

You collected 81 gold pieces.

Inventory:

Hand Weapons
 a - a +0 long sword (weapon)
Armour
 b - a +0 pair of boots (worn)
Jewellery
 i - a ring of ice
Scrolls
 c - a scroll of blinking
 d - a scroll of fear {unknown}
 h - a scroll of magic mapping {unknown}
 j - 2 scrolls of identify {unknown}
 k - 2 scrolls of noise {unknown}
 l - a scroll of teleportation {unknown}
 o - a scroll of immolation {unknown}
 p - a scroll of silence {unknown}
 q - a scroll of fog {unknown}
 t - a scroll of torment {unknown}
 u - a scroll of enchant weapon {unknown}
Potions
 e - 2 potions of degeneration {unknown}
 f - 2 potions of invisibility {unknown}
 g - 2 potions of curing {unknown}
 m - a potion of magic {unknown}
 n - a potion of mutation {unknown}
 r - a potion of lignification {unknown}
 s - a potion of heal wounds {unknown}


   Skills:
 + Level 1.1 Fighting
 + Level 3.8 Long Blades
 + Level 2.2 Dodging
 + Level 1.5 Stealth
 - Level 1.0 Spellcasting
 + Level 2.3 Earth Magic


You had 3 spell levels left.
You knew the following spells:

 Your Spells              Type           Power      Damage    Failure   Level
a - Sandblast             Erth           12%        2d6       12%         1

Your spell library contained the following spells:

 Spells                   Type           Power      Damage    Failure   Level
 Stone Arrow              Conj/Erth      6%         3d7       50%         3


Dungeon Overview and Level Annotations

Branches:
Dungeon (2/15)

Altars:
Yredelemnul

Annotations:
D:2 Crazy Yiuf


Innate Abilities, Weirdness & Mutations

Your plain brown scales are hard. (AC +5)
You cannot fit into any form of body armour.
You are cold-blooded and may be slowed by cold attacks.


Message History

Found a leather armour.
Found a short sword.
A goblin comes into view. It is wielding a +0 club.
Found 4 stones.
The goblin shouts!
A goblin is nearby!
You swap places.
You slash the goblin!
You kill the goblin!
The dead are walking!
You see here a +0 club.
You enter the shallow water.
Moving in this stuff is going to be slow.
You swap places.
Found a hammer.
Found a runed translucent door.
Crazy Yiuf shouts!
You swap places.
You swap places.
g - 2 viscous ruby potions (gained 1)
A kobold comes into view. It is wielding a +0 dagger.
You swap places.
You swap places.
As you open the door, it creaks loudly!
You hit Crazy Yiuf.
Crazy Yiuf is lightly wounded.
Crazy Yiuf grits, "Two pontify King!"
Crazy Yiuf hits you with a +2 quarterstaff of chaos.
You feel your power leaking away.
You barely miss Crazy Yiuf.
Crazy Yiuf is lightly wounded.
Crazy Yiuf hits you with a +2 quarterstaff of chaos!
Space warps horribly around you!
* * * LOW HITPOINT WARNING * * *
Crazy Yiuf hits you with a +2 quarterstaff of chaos.
* * * LOW HITPOINT WARNING * * *
You are lethally poisoned!
You hit Crazy Yiuf.
Crazy Yiuf is moderately wounded.
You die...
Your body rises from the dead as a mindless zombie.

##### #)..# #...#####
#### #...# #.#.....# ...#
... #..~~~~.#
≈#~######### #g#
#...~.... ~.~♣.......#
♣@♣♣ #..!..~..
.#~~##.##### ♣♣Z♣
#.....K.# ~.~.##.# ♣Z♣♣
#........ ~~~~##.#####
♣♣.♣ #.# ~.~........#
♣♣.♣♣ #.# .~~........#
♣♣...♣ #.## ....#..#####
♣....♣ #..# ≈.≈~.......#
#....# #Z.#
~♣~##..#...####....###..#


You could see Crazy Yiuf (ally target), a friendly bat zombie and a friendly
goblin zombie.

Vanquished Creatures
  2 adders (D:2)
  A worm (D:2)
  2 ball pythons
  2 giant cockroaches
  4 goblins
  2 hobgoblins (D:1)
  A quokka (D:1)
  5 bats
  2 frilled lizards
  4 kobolds
  3 rats
28 creatures vanquished.

Notes
Turn   | Place    | Note
-------+----------+-------------------------------------------
     0 | D:1      | Vulpanium the Draconian Wanderer began the quest for the
                  | Orb.
     0 | D:1      | Vulpanium set off with the following items: a +0 long
                  | sword, a +0 pair of boots, a scroll of blinking; and the
                  | following spell memorised: Sandblast; and the following
                  | spells available to memorise: Stone Arrow.
     0 | D:1      | Reached XP level 1. HP: 16/16 MP: 2/2
   561 | D:1      | Reached XP level 2. HP: 23/23 MP: 3/3
  1379 | D:2      | Reached XP level 3. HP: 26/28 MP: 2/4
  1994 | D:2      | Found a faded altar of an unknown god.
  2125 | D:2      | Prayed at the altar of an unknown god.
  2125 | D:2      | Became a worshipper of Yredelemnul the Dark
  2125 | D:2      | Reached * piety under Yredelemnul
  2382 | D:2      | Found a runed translucent door.
  2383 | D:2      | Noticed Crazy Yiuf
  2424 | D:2      | HP: 1/28 [Crazy Yiuf/+2 quarterstaff of chaos (5)]
  2425 | D:2      | Succumbed to Crazy Yiuf's poison

Illustrated notes

Levels and vault maps discovered:
D:1:      amcnicky_arrival_choice, layout_basic, dk_noncrumbling_4
D:2:      minmay_wonky_spiral, layout_basic, nicolae_ecumenical_oubliette,
          serial_rivers, chequers_serial_rivers_marsh,
          chequers_serial_rivers_micro_c, chequers_serial_rivers_micro_c,
          chequers_serial_rivers_micro_e, chequers_serial_rivers_small_a,
          chequers_serial_rivers_small_b, grunt_decor_resistance,
          uniq_crazy_yiuf_cottage

Skill      XL: |  1  2 |
---------------+-------+-----
Dodging        | 2 |  2.2
Fighting       | |  1.1
Long Blades    | |  3.8
Stealth        | |  1.5
Spellcasting   | |  1.0
Earth Magic    | |  2.3

Action                   || total
-------------------------++-------
Melee: Long sword        ||    61
       Tailslap          ||     7
 Cast: Sandblast         ||    29
 Stab: Sleeping          ||     1
Armor: Skin              ||    30
Dodge: Dodged            ||    46
